 Dungeon Crawl Stone Soup version 0.28-a0-21-gf74fda84f9 (webtiles) character file.

Game seed: 15435152935638920070

25713 Spaninq the Grappler (level 12, -2/110 HPs)
             Began as a Troll Chaos Knight on July 26, 2021.
             Was a Plaything of Xom.
             Slain by a vampire (9 damage)
             ... on level 11 of the Dungeon.
             The game lasted 00:29:53 (10696 turns).

Spaninq the Grappler (Troll Chaos Knight)          Turns: 10696, Time: 00:29:55

Health: -2/110     AC:  6    Str: 26    XL:     12   Next: 91%
Magic:  11/11      EV:  9    Int:  8    God:    Xom [....*.]
Gold:   459        SH: 12    Dex: 10    Spells: 11/11 levels left

rFire   + . .      SeeInvis .     - Unarmed
rCold   . . .      Faith    .   g - +1 kite shield
rNeg    . . .      Spirit   .   u - +2 robe {rF+}
rPois   .          Reflect  .   (helmet restricted)
rElec   .          Harm     .   i - +0 cloak
rCorr   .          Rampage  .   (gloves unavailable)
Will    +....      Clarity  +   (boots unavailable)
Stlth   +.........              a - amulet of regeneration
HPRegen 2.28/turn               (no ring)
MPRegen 0.12/turn               (no ring)

@: unable to read
A: large, unfitting armour, claws 3, regeneration 1, shaggy fur 1, tough skin 1,
horns 1, clarity, deformed body, deterioration 1, frail 1, strong-willed 1,
evolution 1, inability to read while threatened, MP-powered wands
a: Renounce Religion


You were on level 11 of the Dungeon.
You worshipped Xom.
You were a beloved toy of Xom.
You visited 2 branches of the dungeon, and saw 12 of its levels.
You also visited: Ossuary and Bailey.

You collected 459 gold pieces.

Inventory:

Hand Weapons
 y - a +0 war axe of electrocution
Missiles
 m - 9 curare-tipped darts (quivered)
Armour
 g - a +1 kite shield (worn)
 i - a +0 cloak (worn)
 u - a +2 robe of fire resistance (worn)
Jewellery
 a - an amulet of regeneration (around neck)
Wands
 l - a wand of flame (38)
 s - a wand of digging (8)
 z - a wand of charming (11)
Scrolls
 j - 3 scrolls of teleportation
 k - a scroll of enchant armour
 v - a scroll of summoning
Potions
 b - 3 potions of heal wounds {unknown}
 d - 2 potions of magic
 e - 3 potions of flight {unknown}
 f - 2 potions of brilliance {unknown}
 h - 4 potions of curing
 n - a potion of invisibility {unknown}
 o - 4 potions of mutation
 p - a potion of resistance {unknown}
 q - a potion of ambrosia {unknown}
 r - a potion of haste
 t - 4 potions of might
 w - 2 potions of cancellation {unknown}


   Skills:
 + Level 9.3 Fighting
 - Level 1.9 Dodging
 + Level 8.7 Shields
 * Level 14.5 Unarmed Combat


You had 11 spell levels left.
You didn't know any spells.
Your spell library contained the following spells:

 Spells                   Type           Power      Damage    Failure   Level
 Magic Dart               Conj           0%         1d3       41%         1
 Sting                    Tmut/Pois      0%         1d3       41%         1
 Call Imp                 Summ           0%         N/A       56%         2
 Poisonous Vapours        Pois/Air       0%         N/A       56%         2
 Mephitic Cloud           Conj/Pois/Air  0%         N/A       80%         3
 Olgreb's Toxic Radiance  Pois           0%         N/A       99%         4


Dungeon Overview and Level Annotations

Branches:
Dungeon (11/15)            Temple (1/1) D:7             Orc (0/2) D:9
Ossuary (visited)          Bailey (visited)
   Lair: D:8-11

Altars:
Ashenzari
Cheibriados
Dithmenos
Elyvilon
Fedhas
Gozag
Hepliaklqana
Kikubaaqudgha
Makhleb
Nemelex Xobeh
Okawaru
Qazlal
Ru
Sif Muna
Trog
Uskayaw
Vehumet
Wu Jian
Xom
Yredelemnul
Zin
The Shining One

Shops:
D:1 (!   D:7 ?

Annotations:
D:4 2 runed translucent doors, DemonSlayer's ghost, amateur HuBe


Innate Abilities, Weirdness & Mutations

You are too large for most types of armour.
You have claws for hands.
Your natural rate of healing is unusually fast.
You are covered in fur. (AC +1)
You have tough skin. (AC +1)
You have a pair of small horns on your head.
You possess an exceptional clarity of mind.
Armour fits poorly on your strangely shaped body.
Your body sometimes deteriorates upon taking damage.
You are frail. (-10% HP)
You are strong-willed. (Will+)
You evolve.
You sometimes lose the ability to read scrolls when taking damage.
You expend magic power (3 MP) to strengthen your wands.


Message History

You scratch something but do no damage. Something hits you.
Something bites you!
Something draws strength from your injuries!
You miss something. Your headbutt misses something. Something hits you!
Something bites you!
* * * LOW HITPOINT WARNING * * *
Something draws strength from your injuries!
You barely miss something. Your headbutt misses something.
Something hits you but does no damage. Something bites you but does no damage.
You miss something. You headbutt something. Something hits you.
* * * LOW HITPOINT WARNING * * *
You block something's attack.
You closely miss something. Your headbutt misses something.
You mangle something!! Your headbutt misses something.
You block something's attack. Something bites you but does no damage.
You barely miss something. Something hits you but does no damage.
Something bites you but does no damage.
You miss something. You headbutt something. Something hits you!
* * * LOW HITPOINT WARNING * * *
Something bites you.
* * * LOW HITPOINT WARNING * * *
Something draws strength from your injuries!
Your shield prevents you from hitting something.
You headbutt something. Something hits you.
* * * LOW HITPOINT WARNING * * *
Something bites you!
* * * LOW HITPOINT WARNING * * *
Xom is mildly amused.
Something draws strength from your injuries!
You feel more experienced!
Your Fighting skill increases to level 9!
Your Unarmed Combat skill increases to level 14!
You have reached level 12!
Your experience leads to an increase in your attributes!
Increase (S)trength, (I)ntelligence, or (D)exterity?
You feel stronger. x2
Something hits you.
* * * LOW HITPOINT WARNING * * *
Something bites you!
You die...

.. #............# ..
#............# ..
#............# ..
#......>.....# ..
#............# ..
#............# ..#
#............# ..#
#............# ..#
#......{@....# ..#
#...#######..# ..#
#...# #..# ..# #...#
#..# ..#######...#
#..#
............#######..#
.....................#
.....................#
######################


There were no monsters in sight!

Vanquished Creatures
  Josephine (D:10)
  A two-headed ogre (D:9)
  Pikel (D:8)
  3 cyclopes
  2 manticores
  Maurice (D:10)
  An unseen horror (D:11)
  Maggie (D:10)
  4 yaks (D:9)
  A shadow (D:10)
  5 wraiths (D:10)
  3 wyverns
  Grum (D:8)
  Eustachio (D:5)
  3 humans (D:8)
  Menkaure (D:7)
  2 vampire mosquitoes (D:9)
  A water moccasin (D:8)
  A swamp drake (D:9)
  2 sky beasts (D:6)
  15 orc warriors
  A hornet zombie (D:6)
  2 ice beasts (D:6)
  3 necrophages
  3 centaurs
  4 ogres
  4 wolves (D:8)
  A phantom (D:6)
  4 lemures (D:8)
  3 kobold brigands
  3 bullfrogs
  A gnoll sergeant (D:8)
  2 scorpions
  2 wyvern zombies
  3 water moccasin zombies (Ossuary)
  A water moccasin skeleton (D:5)
  6 killer bees (D:9)
  An electric eel (D:8)
  3 howler monkeys (D:8)
  5 wights (D:9)
  2 centaur zombies
  A bullfrog zombie (D:6)
  3 hounds
  A bullfrog skeleton (D:5)
  2 gnoll shamans
  7 orc priests
  3 centaur skeletons
  4 jellies (D:6)
  3 iguanas
  11 orc wizards
  A killer bee zombie (D:6)
  A hound skeleton (D:5)
  2 mummies (Ossuary)
  A howler monkey skeleton (D:6)
  15 gnolls
  3 adders
  A white imp (D:7)
  2 ufetubi
  3 adder skeletons (D:4)
  4 adder zombies (Ossuary)
  6 dart slugs
  38 orcs
  8 endoplasms
  4 gnoll zombies (Ossuary)
  14 goblins
  7 hobgoblins
  15 jackals
  4 quokkas
  5 ball pythons
  7 bats
  5 frilled lizards
  4 hobgoblin zombies (Ossuary)
  23 kobolds
  9 kobold zombies (Ossuary)
  An orc zombie (Ossuary)
  5 rats
  A spectral kobold (D:6)
329 creatures vanquished.

Vanquished Creatures (collateral kills)
  An orc knight (Bailey)
  6 yaks (D:9)
  2 humans (D:8)
  An orc warrior (Bailey)
10 creatures vanquished.

Vanquished Creatures (others)
  2 yaks (D:9)
2 creatures vanquished.

Grand Total: 341 creatures vanquished

Notes
Turn   | Place    | Note
-------+----------+-------------------------------------------
     0 | D:1      | Spaninq the Troll Chaos Knight began the quest for the Orb.
     0 | D:1      | Reached XP level 1. HP: 22/22 MP: 0/0
   236 | D:1      | Reached XP level 2. HP: 29/29 MP: 1/1
   260 | D:1      | XOM: noise
   285 | D:1      | Found Yhuddoy's Distillery.
   356 | D:1      | Reached XP level 3. HP: 36/36 MP: 2/2
   384 | D:1      | Found Fayxish's Antique Weapon Emporium.
   533 | D:2      | Found an opulent altar of Gozag.
   595 | D:2      | Reached skill level 4 in Unarmed Combat
   611 | D:2      | XOM: stat loss: -1 Str (19/20)
  1303 | D:3      | Found an opulent altar of Gozag.
  1320 | D:3      | Found a faded altar of an unknown god.
  1358 | D:3      | Reached XP level 4. HP: 45/45 MP: 3/3
  1613 | D:3      | XOM: scenery: 1 doors close
  1782 | D:3      | Found a sacrificial altar of Ru.
  2130 | D:4      | Noticed an ogre
  2134 | D:4      | XOM: butterfly on damage
  2139 | D:4      | Killed an ogre
  2140 | D:4      | Reached skill level 1 in Shields
  2140 | D:4      | Reached skill level 5 in Unarmed Combat
  2140 | D:4      | Reached XP level 5. HP: 25/53 MP: 4/4
  2279 | D:4      | Noticed a necrophage
  2291 | D:4      | Killed a necrophage
  2292 | D:4      | Reached XP level 6. HP: 30/61 MP: 5/5
  2471 | D:4      | Found a large runed translucent door.
  2471 | D:4      | Found a large runed translucent door.
  2472 | D:4      | Noticed DemonSlayer's ghost (amateur HuBe)
  2486 | D:4      | XOM: give mutations
  2486 | D:4      | Gained mutation: You have a pair of small horns on your
                  | head. [Xom's grace]
  2486 | D:4      | Gained mutation: You possess an exceptional clarity of
                  | mind. [Xom's grace]
  2486 | D:4      | Gained mutation: You expend magic power (3 MP) to
                  | strengthen your wands. [Xom's grace]
  2650 | D:4      | XOM: scenery: 1 doors open, 1 doors close
  2660 | D:4      | XOM: blink monster(s)
  2738 | D:4      | Reached skill level 6 in Unarmed Combat
  2879 | D:5      | Entered Level 5 of the Dungeon
  2882 | D:5      | XOM: divination: magic mapping
  2900 | D:5      | Reached XP level 7. HP: 54/70 MP: 6/6
  2948 | D:5      | XOM: polymorph gnoll -> kobold
  3054 | D:5      | Found a white marble altar of Elyvilon.
  3120 | D:5      | XOM: cast spell 'Olgreb's Toxic Radiance'
  3278 | D:5      | Reached skill level 7 in Unarmed Combat
  3355 | D:5      | Noticed Eustachio
  3355 | D:5      | XOM: cast spell 'Olgreb's Toxic Radiance'
  3359 | D:5      | Killed Eustachio
  3360 | D:5      | Reached XP level 8. HP: 77/79 MP: 7/7
  3523 | D:5      | XOM is BORED!
  3523 | D:5      | XOM: give mutations
  3523 | D:5      | Lost mutation: You have a pair of small horns on your head.
                  | [Xom's mischief]
  3523 | D:5      | Gained mutation: You are weak. (Str -2) [Xom's mischief]
  3658 | D:6      | XOM: swap monsters
  3664 | D:6      | Found a sand-covered staircase.
  3668 | Ossuary  | Entered an ossuary
  3692 | Ossuary  | XOM: silly message
  3737 | Ossuary  | XOM: silly message
  3746 | Ossuary  | Reached skill level 8 in Unarmed Combat
  3790 | Ossuary  | Reached skill level 5 in Fighting
  3813 | Ossuary  | XOM: cast spell 'Cause Fear'
  4047 | D:6      | XOM: 7-stop teleportation journey
  4072 | D:6      | Found an ornate altar of the Wu Jian Council.
  4149 | D:6      | XOM: noise
  4287 | D:6      | XOM: summons 5 hostile demons
  4288 | D:6      | Noticed a red devil
  4453 | D:6      | XOM: give mutation
  4453 | D:6      | Gained mutation: You are robust. (+10% HP) [Xom's grace]
  4473 | D:6      | XOM: cloud trail
  4582 | D:6      | XOM: scenery: summon butterflies
  4588 | D:6      | Reached skill level 9 in Unarmed Combat
  4588 | D:6      | Reached XP level 9. HP: 96/96 MP: 8/8
  4811 | D:6      | Found a hazy altar of Hepliaklqana.
  4868 | D:6      | XOM: noise
  5107 | D:7      | Reached skill level 5 in Shields
  5327 | D:7      | Found a glowing golden altar of the Shining One.
  5417 | D:7      | XOM: smoke on damage
  5451 | D:7      | Reached skill level 10 in Unarmed Combat
  5460 | D:7      | Found a hide-covered altar of Uskayaw.
  5474 | D:7      | Noticed Menkaure
  5474 | D:7      | XOM: fake destruction
  5482 | D:7      | Killed Menkaure
  5506 | D:7      | Found Modghino's Magic Scroll Shoppe.
  5715 | D:7      | Found a staircase to the Ecumenical Temple.
  5721 | Temple   | Entered the Ecumenical Temple
  6137 | D:8      | XOM: summons 3 friendly demons
  6213 | D:8      | Noticed Pikel
  6214 | D:8      | XOM: confuse monster(s)
  6215 | D:8      | XOM: confuse monster(s)
  6220 | D:8      | Reached XP level 10. HP: 110/110 MP: 9/9
  6231 | D:8      | XOM: scenery: 1 doors close
  6265 | D:8      | Killed Pikel
  6285 | D:8      | Reached skill level 11 in Unarmed Combat
  6594 | D:8      | Noticed a cyclops
  6601 | D:8      | Killed a cyclops
  6632 | D:8      | Found a snail-covered altar of Cheibriados.
  6665 | D:8      | Noticed Grum
  6681 | D:8      | Killed Grum
  6683 | D:8      | XOM: summons 2 friendly demons
  6743 | D:8      | XOM: confuse monster(s)
  6957 | D:8      | XOM: divination: magic mapping
  6998 | D:8      | XOM: cloud trail
  7068 | D:8      | XOM: divination: detect items
  7161 | D:8      | Found a shimmering altar of Xom.
  7249 | D:9      | XOM: divination: detect items
  7325 | D:9      | Found a staircase to the Orcish Mines.
  7327 | D:9      | XOM: divination: detect items
  7492 | D:9      | Noticed a two-headed ogre
  7495 | D:9      | XOM: smoke on damage
  7497 | D:9      | Killed a two-headed ogre
  7498 | D:9      | Reached skill level 12 in Unarmed Combat
  7532 | D:9      | Found a bloodstained altar of Trog.
  7758 | D:9      | XOM: divination: detect creatures
  7801 | D:9      | XOM: summons 7 friendly demons
  7823 | D:9      | Noticed a manticore
  7832 | D:9      | Killed a manticore
  7833 | D:9      | Reached XP level 11. HP: 93/121 MP: 10/10
  7943 | D:9      | XOM: confuse monster(s)
  7955 | D:9      | XOM: destruction
  8199 | D:9      | XOM: god gift: +2 robe of fire resistance
  8351 | D:9      | XOM: god gift: tiny fluorescent amulet {god gift}
  8379 | D:10     | Entered Level 10 of the Dungeon
  8493 | D:10     | Found a flagged portal.
  8552 | Bailey   | Entered a bailey
  8573 | Bailey   | XOM: 1-stop teleportation journey
  8705 | Bailey   | XOM: swap monsters
  8752 | Bailey   | XOM: stat loss: -1 Dex (9/10)
  8876 | Bailey   | XOM: summons 6 hostile demons
  8877 | Bailey   | Noticed a sun demon
  9098 | Bailey   | XOM: summons 6 hostile demons
  9145 | Bailey   | XOM: summons 3 hostile shadow creatures
  9335 | Bailey   | XOM: torment (32/122 hp)
  9430 | Bailey   | Noticed an orc knight
  9444 | Bailey   | XOM: give mutations
  9444 | Bailey   | Gained mutation: You sometimes lose the ability to read
                  | scrolls when taking damage. [Xom's mischief]
  9444 | Bailey   | Lost mutation: You are robust. (+10% HP) [Xom's mischief]
  9444 | Bailey   | Gained mutation: Armour fits poorly on your strangely
                  | shaped body. [Xom's mischief]
  9444 | Bailey   | Gained mutation: You are clumsy. (Dex -2) [Xom's mischief]
  9445 | Bailey   | XOM: give mutations
  9445 | Bailey   | Gained mutation: Your body sometimes deteriorates upon
                  | taking damage. [Xom's mischief]
  9445 | Bailey   | Lost mutation: You are clumsy. (Dex -2) [Xom's mischief]
  9445 | Bailey   | Gained mutation: You are strong-willed. (Will+) [Xom's
                  | mischief]
  9476 | Bailey   | Killed an orc knight
  9477 | Bailey   | Reached skill level 13 in Unarmed Combat
  9562 | D:10     | Noticed Maggie
  9575 | D:10     | Killed Maggie
  9690 | D:10     | Noticed Maurice
  9695 | D:10     | XOM: chaos upgrade
  9698 | D:10     | Killed Maurice
  9701 | D:10     | XOM: confuse monster(s)
  9704 | D:10     | XOM: give mutations
  9704 | D:10     | Gained mutation: You evolve. [Xom's grace]
  9704 | D:10     | Gained mutation: You have a pair of small horns on your
                  | head. [Xom's grace]
  9756 | D:10     | XOM: 3-stop teleportation journey
  9796 | D:10     | XOM: 7-stop teleportation journey
  9940 | D:10     | XOM: give mutation
  9940 | D:10     | Lost mutation: You are weak. (Str -2) [Xom's mischief]
  9999 | D:10     | Noticed Josephine
 10011 | D:10     | Killed Josephine
 10110 | D:10     | Gained mutation: You are frail. (-10% HP) [evolution]
 10289 | D:10     | XOM: summons 4 hostile shadow creatures
 10526 | D:11     | XOM: confuse monster(s)
 10696 | D:11     | Reached skill level 14 in Unarmed Combat
 10696 | D:11     | Reached XP level 12. HP: 8/110 MP: 11/11
 10696 | D:11     | Slain by a vampire

Illustrated notes

Levels and vault maps discovered:
D:1:      minmay_arrival_split_and_join, layout_basic, serial_shops, shop,
          nicolae_shop_behind_doors, minmay_cut_off
D:2:      layout_loops_ring, basic_altar, minmay_pentomino_p4
D:3:      layout_basic, mainiacjoe_overflow_paths, old_standard_altar,
          shapermc_ecumenical_altar_gd
D:4:      layout_gridville, ebering_ghost_disaster_area,
          hangedman_abyss_or_decor_slice, minmay_between
D:5:      layout_gridville, old_standard_altar, uniq_eustachio
D:6:      minmay_razor_zed, layout_basic,
          nicolae_hepliaklqana_monster_ancestors,
          pdpol_wu_jian_five_deadly_venoms, nicolae_ossuary_entry_plus
D:7:      layout_basic, nicolae_tso_carved_into_rock,
          nicolae_uskayaw_murder_on_the_dancefloor,
          minmay_temple_entry_enclosed_plants, serial_shops,
          nicolae_diamond_shop, uniq_menkaure
D:8:      layout_basic, mainiacjoe_overflow_alcove_2, kennysheep_mini,
          minmay_ruffians, uniq_grum, uniq_pikel
D:9:      layout_gridville, trog_three_pillars_becter, erik_orc_1
D:10:     layout_stronghold, enter_bailey_5, uniq_maggie, uniq_maurice,
          uniq_josephine
D:11:     layout_small_grid, erik_lair_dragon, gauntlet_entry_generic,
          serial_shops, nicolae_shop_competitors_out_of_business
Temple:   nicolae_temple_hex_pool

Skill      XL: |  1  2  3  4  5  6  7  8  9 10 11 |
---------------+----------------------------------+-----
Unarmed Combat | 4 5 6 7 9 10 12 14 | 14.5
Fighting       | 3 4 5 6 7 9 |  9.3
Shields        | 1 2 3 4 5 6 8 |  8.7
Dodging        | |  1.9

Action                   |  1- 3 |  4- 6 |  7- 9 | 10-12 || total
-------------------------+-------+-------+-------+-------++-------
Melee: Unarmed           |   121 |   105 |   334 |   523 ||  1083
       Punch             |       |     2 |    10 |     9 ||    21
       Headbutt          |       |     2 |    10 |    20 ||    32
Evoke: Wand              |       |       |       |     2 ||     2
  Use: Scroll            |       |       |    17 |     7 ||    24
       Potion            |       |       |       |     1 ||     1
 Stab: Sleeping          |     2 |       |     1 |       ||     3
       Confused          |       |       |     1 |     4 ||     5
Armor: Robe              |    46 |    39 |   129 |   143 ||   357
Dodge: Dodged            |    61 |    54 |   134 |   211 ||   460
Block: Kite shield       |       |       |       |   251 ||   251

Table legend: (Time is in decaauts)
 A = Elapsed time spent in this place.
 B = Non-inter-level travel time spent in this place.
 C = Inter-level travel time spent in this place.
 D = Time resting spent in this place.
 E = Time spent auto-exploring this place.
 F = Levels seen in this place.
 G = Mean time per level.
                   A        B        C        D        E       F      G
               +--------+--------+--------+--------+--------+-----+--------+
         Total |  10669 |  10301 |    368 |    541 |   6929 |  14 |  762.1 |
       Dungeon |   9363 |   9014 |    349 |    254 |   6622 |  11 |  851.2 |
        Temple |     92 |     73 |     19 |      0 |     72 |   1 |   92.0 |
       Ossuary |    168 |    168 |      0 |      0 |     18 |   1 |  168.0 |
        Bailey |   1044 |   1044 |      0 |    287 |    217 |   1 | 1044.0 |
               +--------+--------+--------+--------+--------+-----+--------+

Top non-repeatable levels by time:
     D:8: 1268 daAuts
     D:6: 1215 daAuts
    D:10: 1143 daAuts
     D:9: 1129 daAuts
  Bailey: 1044 daAuts
     D:4: 849 daAuts
     D:7: 831 daAuts
     D:3: 824 daAuts
     D:5: 690 daAuts
     D:2: 688 daAuts
     D:1: 498 daAuts
    D:11: 225 daAuts
 Ossuary: 168 daAuts
  Temple: 92 daAuts
